 Dungeon Crawl Stone Soup version 0.22.1-5-g62c59d919a (webtiles) character file.

13253 Peloso the Carver (level 11, -3/95 HPs)
             Began as a Minotaur Fighter on Jan 11, 2019.
             Was a High Priest of Okawaru.
             Killed from afar by an efreet (25 damage)
             ... with a bolt of fire
             ... on level 10 of the Dungeon.
             The game lasted 00:25:38 (9237 turns).

Peloso the Carver (Minotaur Fighter)                Turns: 9237, Time: 00:25:38

Health: -3/95      AC: 20    Str: 22    XL:     11   Next: 73%
Magic:  10/10      EV: 10    Int:  5    God:    Okawaru [*****.]
Gold:   90         SH: 13    Dex: 12    Spells: 10/10 levels left

rFire    . . .     SeeInvis .   a - +10 falchion "Ycets" {slice, rF+}
rCold    . . .     Gourm    +   c - +0 shield
rNeg     . . .     Faith    .   F - +1 storm dragon scales
rPois    .         Spirit   .   X - +0 hat "Nibrismo" {rF- MR+ Stlth+}
rElec    +         Reflect  .   (no cloak)
rCorr    .         Harm     .   A - +2 pair of gloves
MR       ++...                  H - +0 pair of boots
Stlth    ..........             w - amulet of the gourmand
HPRegen  0.25/turn              M - ring of protection from magic
MPRegen  0.12/turn              E - ring of flight

@: no status effects
A: retaliatory headbutt, horns 2
a: Heroism, Finesse, Renounce Religion, Evoke Flight


You were on level 10 of the Dungeon.
You worshipped Okawaru.
Okawaru was extremely pleased with you.
You were not hungry.

You visited 2 branches of the dungeon, and saw 11 of its levels.
You also visited: Bailey.

You collected 630 gold pieces.
You spent 540 gold pieces at shops.

Inventory:

Hand Weapons
 a - the +10 falchion "Ycets" (weapon) {slice, rF+}
   (You bought it in a shop on level 6 of the Dungeon)

   It inflicts extra damage upon your enemies.
   It protects you from fire.
 b - a +4 scimitar of flaming
 O - a +1 whip of flaming
Armour
 c - a +0 shield (worn)
 A - a +2 pair of gloves (worn)
 F - +1 storm dragon scales (worn)
 H - a +0 pair of boots (worn)
 Q - the +5 chain mail of Itinaod {-Tele Str+3 Int+4}
   (You found it on level 9 of the Dungeon)

   It affects your strength (+3).
   It affects your intelligence (+4).
   It prevents most forms of teleportation.
 S - the +0 scale mail of the Cast Vote {*Slow rC++ Regen+ Dex-2}
   (You found it in a bailey)

   It affects your dexterity (-2).
   It greatly protects you from cold.
   It increases your rate of regeneration.
   It may slow you when you take damage.
 X - the +0 hat "Nibrismo" (worn) {rF- MR+ Stlth+}
   (You bought it in a shop on level 6 of the Dungeon)

   It makes you vulnerable to fire.
   It affects your resistance to hostile enchantments.
   It makes you more stealthy.
Jewellery
 w - an amulet of the gourmand (around neck)
 D - an uncursed ring of wizardry
 E - a ring of flight (right hand)
 M - a ring of protection from magic (left hand)
Wands
 e - a wand of polymorph (17)
 s - a wand of flame (108)
 G - a wand of iceblast (10)
 L - a wand of paralysis (11)
 N - a wand of digging (27)
Scrolls
 g - 4 scrolls of blinking
 j - a scroll of identify
 r - a scroll of remove curse
 v - 2 scrolls of enchant weapon
 y - 5 scrolls of teleportation
 z - a scroll of amnesia
 B - 2 scrolls of enchant armour
 C - 2 scrolls of magic mapping
 J - a scroll of fog
 K - a scroll of holy word
 R - a scroll of acquirement
 T - a scroll of noise
Potions
 d - a potion of might
 h - 3 potions of heal wounds
 i - 2 potions of agility
 k - 4 potions of flight
 l - 2 potions of magic
 m - 2 potions of berserk rage
 n - 2 potions of resistance
 q - 5 potions of curing
 t - 2 potions of cancellation
 u - 2 potions of brilliance
 x - 4 potions of mutation
 I - a potion of invisibility
 U - a potion of haste
Miscellaneous
 V - a lightning rod (4/4)
Comestibles
 f - 28 rations
 o - 4 chunks of flesh


   Skills:
 + Level 8.9 Fighting
 + Level 13.0 Long Blades
 + Level 9.9 Armour
 + Level 5.6 Dodging
 + Level 1.7 Stealth
 + Level 12.3 Shields
 + Level 0.2 Invocations


You had 10 spell levels left.
You didn't know any spells.
Your spell library contained the following spells:

 Spells                   Type           Power        Failure   Level  Hunger
 Animate Skeleton         Necr           N/A          99%         1    ##.....
 Apportation              Tloc           #.....       99%         1    ##.....
 Confusing Touch          Hex            #.....       99%         1    ##.....
 Infusion                 Chrm           #...         99%         1    ##.....
 Magic Dart               Conj           #...         99%         1    ##.....
 Summon Small Mammal      Summ           #...         99%         1    ##.....
 Blink                    Tloc           N/A          100%        2    ###....
 Call Imp                 Summ           #.......     100%        2    ###....
 Shroud of Golubria       Chrm/Tloc      #.........   100%        2    ###....
 Slow                     Hex            #.......     100%        2    ###....
 Song of Slaying          Chrm           #.......     100%        2    ###....
 Conjure Flame            Conj/Fire      #.......     100%        3    ####...
 Mephitic Cloud           Conj/Pois/Air  #.......     100%        3    ####...
 Regeneration             Chrm/Necr      #.........   100%        3    ####...
 Spectral Weapon          Hex/Chrm       #.......     100%        3    ####...
 Cause Fear               Hex            #.........   100%        4    #####..
 Silence                  Hex/Air        #.........   100%        5    ######.
 Yara's Violent Unravell  Hex/Tmut       #.........   100%        5    ######.
 Deflect Missiles         Chrm/Air       #.........   100%        6    #######
 Poison Arrow             Conj/Pois      #.........   100%        6    #######
 Chain Lightning          Conj/Air       #.........   100%        8    #######
 Discord                  Hex            #.........   100%        8    #######
 Lehudib's Crystal Spear  Conj/Erth      #.........   100%        8    #######
 Fire Storm               Conj/Fire      #.........   100%        9    #######
 Glaciate                 Conj/Ice       #.........   100%        9    #######


Dungeon Overview and Level Annotations

Branches:
Dungeon (10/15)            Temple (1/1) D:7             Orc (0/2) D:9
   Lair: D:8-11

Altars:
Cheibriados
Dithmenos
Elyvilon
Gozag
Hepliaklqana
Nemelex Xobeh
Okawaru
Qazlal
Ru
Sif Muna
Uskayaw
Wu Jian
Yredelemnul
Zin
The Shining One

Shops:
D:6 *[(*   D:9 [

Annotations:
D:6 1 runed door


Innate Abilities, Weirdness & Mutations

You reflexively headbutt those who attack you in melee.
You have a pair of horns on your head.


Message History

The worker ant bites you but does no damage.
Unknown command.
You slash the worker ant!
The worker ant is heavily wounded.
You slash the worker ant!
You kill the worker ant!
Okawaru accepts your kill.
You see here a worker ant corpse.
You see here a warg corpse.
You butcher the warg corpse.
o - 5 chunks of flesh
Things that are here:
a large rock; a cyclops corpse You start resting.
Eating one of 5 chunks of flesh.
You eat one of the 5 chunks of flesh.
This raw flesh tastes great.
An efreet comes into view. It is wielding a scimitar of flaming.
You see here a large rock.
The efreet gestures at you. The bolt of fire hits you!
You die...

#(.(####+#+#..#
#...#......#..#
#.(##......#..#
#..#.......#..#
#..#.......#..#
#(.#.......#..##
####÷.##'####'#...#
...()..)))........#
§...............@<#
.§§§§§§§§§R.......#
†...(.(...........#
..((....#######...#
###.....# #...# .
##....+ #...# .
##...+ #...# #
##..# #...# #..#
#...#


You could see an efreet.

Vanquished Creatures
  Harold (D:7)
  2 two-headed ogres (D:9)
  An orc high priest (Bailey)
  The ghost of roosipov the Blocker, a novice FoFi of Elyvilon (D:6)
  Pikel (D:8)
  3 orc knights (Bailey)
  2 cyclopes (D:10)
  Joseph (D:8)
  An efreet (D:10)
  A kobold demonologist (Bailey)
  A hornet (D:10)
  A spriggan (D:8)
  A wyvern (D:10)
  A wraith (D:9)
  2 hungry ghosts
  2 steam dragons (D:6)
  Grum (D:8)
  A warg (D:10)
  5 orc warriors (Bailey)
  A black bear (D:10)
  2 ice beasts
  2 sky beasts
  A necrophage (D:8)
  4 ogres
  4 phantoms
  4 wolves (D:8)
  A centaur (D:9)
  3 big kobolds
  Blork the orc (D:4)
  7 bullfrogs
  2 scorpions
  3 killer bees (D:8)
  2 troll zombies (D:9)
  9 wights
  2 electric eels (Bailey)
  6 howler monkeys
  3 crimson imps
  2 bullfrog zombies
  4 hounds
  5 orc wizards
  2 centaur skeletons
  2 orc priests
  3 bullfrog skeletons
  2 gnoll shamans
  4 iguanas
  Natasha (D:4)
  9 worker ants
  4 ogre zombies (D:9)
  A howler monkey zombie (D:7)
  2 worker ant zombies
  22 gnolls
  7 adders
  A howler monkey skeleton (D:4)
  3 shadow imps
  4 oozes
  2 worms
  3 dart slugs
  4 leopard geckos
  27 orcs
  5 ball pythons
  9 bats
  5 giant cockroaches
  24 goblins
  16 hobgoblins
  18 jackals
  19 kobolds
  7 quokkas
  6 frilled lizards
  A goblin skeleton (D:9)
  2 goblin zombies (D:9)
  A hobgoblin skeleton (D:9)
  A hobgoblin zombie (D:9)
  A jackal skeleton (D:7)
  A leopard gecko skeleton (D:9)
  7 orc skeletons (D:9)
  7 orc zombies (D:9)
  2 quokka skeletons
  A quokka zombie (D:8)
  9 rats
342 creatures vanquished.

Vanquished Creatures (others)
  A gnoll (D:10)
  A shadow imp (D:8)
2 creatures vanquished.

Grand Total: 344 creatures vanquished

Notes
Turn   | Place    | Note
-------+----------+-------------------------------------------
     0 | D:1      | Peloso the Minotaur Fighter began the quest for the Orb.
     0 | D:1      | Reached XP level 1. HP: 19/19 MP: 0/0
    50 | D:1      | Reached XP level 2. HP: 22/27 MP: 1/1
   175 | D:1      | Reached XP level 3. HP: 18/33 MP: 2/2
   687 | D:2      | Reached skill level 3 in Long Blades
   687 | D:2      | Reached skill level 1 in Dodging
   691 | D:2      | Found a faded altar of an unknown god.
   700 | D:2      | Reached XP level 4. HP: 26/40 MP: 3/3
   713 | D:2      | Noticed a hand axe
   902 | D:2      | Found a hide-covered altar of Uskayaw.
   904 | D:2      | Noticed a hand axe
  1456 | D:3      | Found a shadowy altar of Dithmenos.
  1479 | D:3      | Found a sparkling altar of Nemelex Xobeh.
  1486 | D:3      | Found a deep blue altar of Sif Muna.
  1493 | D:3      | Found a stormy altar of Qazlal.
  1519 | D:3      | Reached XP level 5. HP: 46/47 MP: 4/4
  2108 | D:4      | Reached skill level 4 in Long Blades
  2117 | D:4      | Reached skill level 5 in Shields
  2122 | D:4      | Noticed Natasha
  2129 | D:4      | Killed Natasha
  2143 | D:4      | Noticed Blork the orc
  2150 | D:4      | Killed Blork the orc
  2150 | D:4      | Reached XP level 6. HP: 52/55 MP: 5/5
  2416 | D:5      | Entered Level 5 of the Dungeon
  2432 | D:5      | Reached skill level 5 in Long Blades
  2623 | D:5      | Reached skill level 5 in Fighting
  2623 | D:5      | Reached skill level 6 in Long Blades
  2623 | D:5      | Reached XP level 7. HP: 39/61 MP: 6/6
  2706 | D:5      | Reached skill level 5 in Armour
  3332 | D:5      | Found a glowing golden altar of the Shining One.
  3351 | D:5      | Reached skill level 7 in Long Blades
  3400 | D:6      | Found a runed door.
  3403 | D:6      | Noticed roosipov's ghost (novice FoFi)
  3432 | D:6      | Killed roosipov's ghost
  3432 | D:6      | Reached skill level 8 in Long Blades
  3432 | D:6      | Reached XP level 8. HP: 52/70 MP: 7/7
  3441 | D:6      | Found a runed door.
  3458 | D:6      | Found Arot Ece's Antique Armour Shoppe.
  3492 | D:6      | Found Eriplizu's Antique Weapon Emporium.
  3500 | D:6      | Found Falamul's General Store.
  3614 | D:6      | Reached skill level 9 in Long Blades
  3621 | D:6      | Found Xyugg's Assorted Antiques.
  3651 | D:6      | Reached XP level 9. HP: 41/75 MP: 8/8
  4093 | D:6      | Bought a dazzling falchion for 200 gold pieces
  4094 | D:6      | Identified the +10 falchion "Ycets" {slice, rF+} (You
                  | bought it in a shop on level 6 of the Dungeon)
  4693 | D:7      | Found a staircase to the Ecumenical Temple.
  4701 | D:7      | Reached skill level 10 in Long Blades
  4712 | Temple   | Entered the Ecumenical Temple
  4724 | Temple   | Became a worshipper of Warmaster Okawaru
  5137 | D:7      | Noticed Harold
  5154 | D:7      | Killed Harold
  5154 | D:7      | Reached * piety under Okawaru
  5154 | D:7      | Reached skill level 1 in Stealth
  5154 | D:7      | Reached XP level 10. HP: 63/86 MP: 9/9
  5376 | D:8      | Noticed Grum
  5380 | D:8      | Reached skill level 11 in Long Blades
  5389 | D:8      | Reached ** piety under Okawaru
  5397 | D:8      | Killed Grum
  5421 | D:8      | Noticed Pikel
  5430 | D:8      | Killed Pikel
  5430 | D:8      | Reached skill level 10 in Shields
  5621 | D:8      | Noticed Joseph
  5632 | D:8      | Killed Joseph
  5939 | D:9      | Found a flagged portal.
  5962 | D:9      | Got a faintly glowing chain mail
  5973 | D:9      | Identified the +5 chain mail of Itinaod {-Tele Str+3 Int+4}
                  | (You found it on level 9 of the Dungeon)
  5999 | Bailey   | Entered a bailey
  6148 | Bailey   | Found an iron altar of Okawaru.
  6148 | Bailey   | Noticed an orc high priest
  6159 | Bailey   | Noticed a sun demon
  6167 | Bailey   | Reached *** piety under Okawaru
  6182 | Bailey   | Noticed an orange demon
  6192 | Bailey   | Killed an orc high priest
  6478 | Bailey   | Noticed an orc knight
  6492 | Bailey   | Killed an orc knight
  6492 | Bailey   | Reached skill level 12 in Long Blades
  6649 | Bailey   | Noticed an orc knight
  6661 | Bailey   | Killed an orc knight
  6661 | Bailey   | Reached **** piety under Okawaru
  6661 | Bailey   | Reached XP level 11. HP: 77/94 MP: 10/10
  6807 | Bailey   | Noticed an orc knight
  6820 | Bailey   | Killed an orc knight
  7220 | Bailey   | Got a fine scale mail
  7523 | D:9      | Found Bahidoz's Antique Armour Boutique.
  7578 | D:9      | Found a sacrificial altar of Ru.
  7598 | D:9      | Noticed a two-headed ogre
  7604 | D:9      | Killed a two-headed ogre
  7604 | D:9      | Reached ***** piety under Okawaru
  7604 | D:9      | Received a gift from Okawaru
  7604 | D:9      | Reached skill level 5 in Dodging
  7636 | D:9      | Found a staircase to the Orcish Mines.
  7778 | D:9      | Found a glowing silver altar of Zin.
  8141 | D:9      | Noticed a two-headed ogre
  8150 | D:9      | Killed a two-headed ogre
  8645 | D:6      | Bought a smoking hat for 288 gold pieces
  8653 | D:6      | Identified the cursed +0 hat "Nibrismo" {rF- MR+ Stlth+}
                  | (You bought it in a shop on level 6 of the Dungeon)
  8663 | D:6      | Identified the cursed +0 scale mail of the Cast Vote {*Slow
                  | rC++ Regen+ Dex-2} (You found it in a bailey)
  8690 | D:6      | Bought a scroll of identify for 26 gold pieces
  8814 | D:6      | Bought a purple potion for 26 gold pieces
  8890 | D:10     | Entered Level 10 of the Dungeon
  8912 | D:10     | Paralysed by a hornet for 2 turns
  9202 | D:10     | Received a gift from Okawaru
  9202 | D:10     | Reached skill level 13 in Long Blades
  9237 | D:10     | Killed from afar by an efreet

Skill      XL: |  1  2  3  4  5  6  7  8  9 10 11 |
---------------+----------------------------------+-----
Armour         | 4 6 7 8 9 |  9.9
Shields        | 4 5 7 9 11 12 | 12.3
Fighting       | 4 5 6 7 8 |  8.9
Long Blades    | 3 4 6 8 9 10 12 13 | 13.0
Dodging        | 1 2 3 4 5 |  5.6
Stealth        | 1 |  1.7
Invocations    | |  0.2

Action                   |  1- 3 |  4- 6 |  7- 9 | 10-12 || total
-------------------------+-------+-------+-------+-------++-------
Melee: Long sword        |   105 |   200 |   193 |       ||   498
       Headbutt          |    12 |    40 |    62 |    81 ||   195
       Falchion          |       |       |    87 |   415 ||   502
       Scimitar          |       |       |       |     2 ||     2
Invok: Heroism           |       |       |       |     1 ||     1
Evoke: Wand              |       |       |       |     1 ||     1
  Use: Scroll            |       |       |    15 |     9 ||    24
       Potion            |       |       |     1 |     2 ||     3
 Stab: Invisible         |       |       |       |     1 ||     1
       Paralysed         |       |       |       |     1 ||     1
  Eat: Chunk             |       |    17 |     8 |    10 ||    35
Armor: Scale mail        |    60 |    13 |       |       ||    73
       Chain mail        |       |    90 |   104 |       ||   194
       Storm dragon scal |       |       |    20 |   141 ||   161
Dodge: Dodged            |    57 |    45 |    59 |    97 ||   258
Block: Shield            |    57 |   120 |   143 |   251 ||   571
       Rpst.: Long sword |    19 |    16 |    11 |       ||    46
       Falchion          |       |       |     2 |    21 ||    23
